 Dungeon Crawl Stone Soup version 0.16-a0-4123-g49b462e (console) character file.

57 Monkaria the Slasher (level 3, -1/32 (33) HPs)
             Began as a Minotaur Chaos Knight on Mar 2, 2015.
             Slain by Sigmund
             ... wielding a +2 scythe of protection
              (6 damage)
             ... on level 2 of the Dungeon.
             The game lasted 00:03:24 (1256 turns).

Monkaria the Slasher (Minotaur Chaos Knight)        Turns: 1256, Time: 00:03:24

HP:   -1/32 (33)    AC:  5    Str: 16    XL:     3   Next: 73%
MP:   0/20          EV: 11    Int:  9    God:    Xom [...*..]
Gold: 69            SH:  0    Dex: 10    Spells: 0 memorised, 2 levels left

rFire  . . .     SeeInvis .     a - +0 falchion (chaos)
rCold  . . .     Clarity  .     b - +2 leather armour
rNeg   . . .     SustAb   .     (no shield)
rPois  .         Gourm    .     (helmet restricted)
rElec  .         Spirit   +     (no cloak)
rCorr  .         Warding  .     (no gloves)
rMut   .         Stasis   .     (no boots)
MR     .....                    j - amulet of guardian spirit
Stlth  +.........               f - ring of magical power
                                e - ring of magical power

@: not resistant to hostile enchantments, very unstealthy
A: retaliatory headbutt, horns 2
a: Renounce Religion


You were on level 2 of the Dungeon.
You worshipped Xom.
You were a favourite toy of Xom.
You were not hungry.

You visited 1 branch of the dungeon, and saw 2 of its levels.

You collected 69 gold pieces.

Inventory:

Hand weapons
 a - a +0 falchion of chaos (weapon)
Missiles
 i - 6 curare-tipped needles
 m - 19 poisoned needles
Armour
 b - a +2 leather armour (worn)
Jewellery
 e - a ring of magical power (left hand)
 f - a ring of magical power (right hand)
 j - an amulet of guardian spirit (around neck)
Scrolls
 d - 2 scrolls of enchant armour {unknown}
 g - a scroll of blinking {unknown}
 k - a scroll of recharging {unknown}
 l - 2 scrolls of identify {unknown}
 o - a scroll of fear {unknown}
 q - a scroll of random uselessness {unknown}
Comestibles
 c - 2 bread rations
 h - 2 meat rations


   Skills:
 - Level 4.0 Fighting
 * Level 5.4 Long Blades
 - Level 2.4 Armour
 - Level 1.1 Dodging


You had 2 spell levels left.
You didn't know any spells.

Dungeon Overview and Level Annotations

Branches:
Dungeon (2/15)

Altars:

Annotations:
D:2 Sigmund


Innate Abilities, Weirdness & Mutations

You reflexively headbutt those who attack you in melee.
You have a pair of horns on your head.


Message History

The worm is lightly wounded. x2
The worm barely misses you.
You slash the worm!
The worm appears confused.
The worm is moderately wounded.
You hear a zap.
You are confused.
You hear a zap.
Something tries to affect you, but you resist.
You hear a zap.
Something tries to affect you, but you resist.
You hear some strange, mumbled words.
The puff of flame hits you!
* * * LOW HITPOINT WARNING * * *
"This might be better!"
The worm suddenly stops moving!
You hear a zap.
Something tries to affect you, but you resist.
You feel less confused. Something hits you!
You die...

.##.#...#.....#................
......................#.#.#>#.#.
.##.....#...........#..........
#................#..#.#.#.#.#.
...##..##.........#.#..........
#..... #......#.....#.#.#.#.#.
.....##...w<{.........)).....
..........).......#.#.#.#.#.
....#.#...@................
...#####.#...####.#.#.#.#. .
#.......# #...##..... ###+#...#
#......###. ........#...####.
......##.#......#.
......##+#......#.
................#.
..............##.#.


You could see a worm (paralysed).

Vanquished Creatures
  An adder (D:2)
  A worm (D:2)
  A giant gecko (D:1)
  2 oozes
  3 orcs (D:2)
  2 ball pythons (D:1)
  5 hobgoblins
  3 bats
  3 giant newts
  6 goblins
  6 kobolds
  A rat (D:1)
34 creatures vanquished.

Notes
Turn   | Place    | Note
--------------------------------------------------------------
     0 | D:1      | Monkaria, the Minotaur Chaos Knight, began the quest for the Orb.
     0 | D:1      | Reached XP level 1. HP: 19/19 MP: 1/1
   101 | D:1      | XOM: butterfly on damage
   105 | D:1      | Reached skill level 4 in Fighting
   187 | D:1      | XOM is BORED!
   187 | D:1      | XOM: noise
   195 | D:1      | XOM: mild Necr miscast
   197 | D:1      | Reached XP level 2. HP: 17/27 MP: 1/1
   714 | D:2      | Reached XP level 3. HP: 11/32 MP: 2/2
   776 | D:2      | XOM: 2-stop teleportation journey
   800 | D:2      | Reached skill level 5 in Long Blades
   842 | D:2      | Noticed Sigmund
   853 | D:2      | XOM: potion effect (might)
   854 | D:2      | XOM: confuse monster(s)
   866 | D:2      | XOM: enchant monster (good)
  1003 | D:1      | XOM: mild Pois miscast
  1243 | D:2      | XOM: silly message
  1255 | D:2      | XOM: enchant monster (good)
  1256 | D:2      | Slain by Sigmund

Action                   || total
-------------------------++-------
Melee: Falchion          ||    89
  Use: Potion            ||     3
 Stab: Paralysed         ||     1
  Eat: Chunk             ||     1
